 Dungeon Crawl Stone Soup version 0.26-a0-64-g059e62f (webtiles) character file.

Game seed: 13621314685407841627

277 thirtiethelement the Grave Robber (level 6, -5/44 HPs)
             Began as a Gnoll Necromancer on June 12, 2020.
             Slain by an orc warrior
             ... wielding a +0 glaive
              (10 damage)
             ... on level 3 of the Dungeon.
             The game lasted 00:08:49 (3024 turns).

thirtiethelement the Grave Robber (GnNe)            Turns: 3024, Time: 00:08:49

Health: -5/44      AC:  5    Str: 11    XL:     6   Next: 26%
Magic:  18/22      EV: 13    Int: 19    God:
Gold:   90         SH:  0    Dex: 15    Spells: 6/15 levels left

rFire    . . .     SeeInvis .   j - +0 dagger
rCold    + . .     Gourm    .   (no shield)
rNeg     . . .     Faith    .   k - +0 ring mail
rPois    .         Spirit   .   (no helmet)
rElec    .         Reflect  .   (no cloak)
rCorr    .         Harm     .   (no gloves)
MR       .....                  (no boots)
Stlth    ++........             (no amulet)
HPRegen  0.14/turn              h - ring of protection from cold
MPRegen  0.18/turn              n - ring of magical power

@: no status effects
A: distributed training, fangs 1, strong nose
a: no special abilities


You were on level 3 of the Dungeon.
You were not hungry.

You visited 1 branch of the dungeon, and saw 3 of its levels.

You collected 90 gold pieces.

Inventory:

Hand Weapons
 j - a +0 dagger (weapon)
Missiles
 d - 14 poisoned darts (quivered)
Armour
 a - a +0 robe
 k - a +0 ring mail (worn)
 r - a +1 leather armour of cold resistance
Jewellery
 h - a ring of protection from cold (left hand)
 n - a ring of magical power (right hand)
Wands
 m - a wand of acid (10)
Scrolls
 g - a scroll of blinking
 p - a scroll of teleportation {unknown}
 q - a scroll of remove curse
Potions
 b - 2 potions of heal wounds
 e - a potion of ambrosia {unknown}
 f - 2 potions of brilliance
 i - a potion of degeneration {unknown}
 o - 2 potions of might {unknown}
Comestibles
 c - 13 rations
 l - 6 chunks of flesh


   Skills:
 + Level 1.8 Fighting
 + Level 1.8 Short Blades
 + Level 1.8 Long Blades
 + Level 1.8 Axes
 + Level 1.8 Maces & Flails
 + Level 1.8 Polearms
 + Level 1.8 Staves
 + Level 1.8 Slings
 + Level 1.8 Bows
 + Level 1.8 Crossbows
 + Level 1.8 Throwing
 + Level 1.8 Armour
 + Level 4.9 Dodging
 + Level 4.5 Stealth
 + Level 1.8 Shields
 + Level 1.8 Unarmed Combat
 + Level 5.3 Spellcasting
 + Level 1.4 Conjurations
 + Level 1.4 Hexes
 + Level 1.4 Charms
 + Level 1.4 Summonings
 + Level 7.2 Necromancy
 + Level 1.4 Translocations
 + Level 1.4 Transmutations
 + Level 1.4 Fire Magic
 + Level 1.4 Ice Magic
 + Level 1.4 Air Magic
 + Level 1.4 Earth Magic
 + Level 1.4 Poison Magic
 + Level 2.0 Invocations
 + Level 1.8 Evocations


You had 6 spell levels left.
You knew the following spells:

 Your Spells              Type           Power        Failure   Level  Hunger
a - Pain                  Necr           ####         1%          1    None
b - Animate Skeleton      Necr           N/A          1%          1    None
c - Vampiric Draining     Necr           ####......   4%          3    ##.....
d - Animate Dead          Necr           N/A          14%         4    ####...

Your spell library contained the following spells:

 Spells                   Type           Power        Failure   Level  Hunger
 Agony                    Necr           ####....     36%         5    #####..


Dungeon Overview and Level Annotations

Branches:
Dungeon (3/15)

Altars:
Fedhas
Gozag
Nemelex Xobeh
Vehumet
The Shining One


Innate Abilities, Weirdness & Mutations

Your experience applies equally to all skills.
You have very sharp teeth.
Your uncanny sense of smell can sniff out nearby items.


Message History

Aiming: Pain (safe; 1% risk of failure)
Press: ? - help, Shift-Dir - straight line, f/p - orc warrior
Aim: an orc warrior, wielding a +0 glaive and wearing a +0 plate armour (moderately wounded, chance to defeat MR: 84%)
The orc warrior writhes in agony!
The orc warrior hits you from afar with a +0 glaive!!
* * * LOW HITPOINT WARNING * * *
Casting: Pain (safe; 1% risk of failure)
Confirm with . or Enter, or press ? or * to list all spells.
Aiming: Pain (safe; 1% risk of failure)
Press: ? - help, Shift-Dir - straight line, f/p - orc warrior
Aim: an orc warrior, wielding a +0 glaive and wearing a +0 plate armour (heavily wounded, chance to defeat MR: 84%)
The orc warrior writhes in agony.
Throwing (i - inventory)
d - 15 poisoned darts (quivered)
Press: ? - help, Shift-Dir - straight line, f/p - orc warrior
Aim: an orc warrior, wielding a +0 glaive and wearing a +0 plate armour (heavily wounded)
You throw a poisoned dart.
The poisoned dart barely misses the orc warrior.
The poisoned dart hits the orc.
The orc is poisoned.
The orc warrior hits you from afar with a +0 glaive!
You die...

### #...# ..# #######...+ #.#
#....##...# #.###....##...#
#.##...#####..#
#.##.....#....###
#.##.#...#...#..#######
.....#.._#_..#........########
.....#########..@)............
######.._#_..#....####.<##.## #
#...#...#o...# #..##.# #
!.#...o....# ##.##.# #
#..#####(.....# #.##.# #
#...o.)o....### #..#.#
############### #####....#
##...## ##...## ##...##...#
##.....###.....###.....##..#####


You could see an orc warrior, an orc wizard and an orc (poisoned).

Vanquished Creatures
  An ogre (D:3)
  An orc priest (D:3)
  An orc wizard (D:3)
  A worker ant (D:3)
  5 adders
  A worm (D:3)
  5 leopard geckos
  2 orcs (D:3)
  3 giant cockroaches (D:1)
  7 goblins
  5 hobgoblins
  4 jackals (D:3)
  4 kobolds
  A quokka (D:3)
  13 bats
  7 frilled lizards
  6 rats
67 creatures vanquished.

Vanquished Creatures (collateral kills)
  A quokka (D:3)
1 creature vanquished.

Grand Total: 68 creatures vanquished

Notes
Turn   | Place    | Note
-------+----------+-------------------------------------------
     0 | D:1      | thirtiethelement the Gnoll Necromancer began the quest for
                  | the Orb.
     0 | D:1      | Reached XP level 1. HP: 13/13 MP: 6/6
     2 | D:1      | Learned a level 1 spell: Animate Skeleton
   263 | D:1      | Reached XP level 2. HP: 19/19 MP: 5/7
   685 | D:1      | Reached XP level 3. HP: 23/25 MP: 6/9
   760 | D:1      | Reached skill level 5 in Spellcasting
  1684 | D:2      | Found a blossoming altar of Fedhas.
  1823 | D:2      | Reached skill level 1 in Invocations
  2043 | D:3      | Reached skill level 1 in Fighting
  2043 | D:3      | Reached skill level 1 in Short Blades
  2043 | D:3      | Reached skill level 1 in Long Blades
  2043 | D:3      | Reached skill level 1 in Axes
  2043 | D:3      | Reached skill level 1 in Maces & Flails
  2043 | D:3      | Reached skill level 1 in Polearms
  2043 | D:3      | Reached skill level 1 in Staves
  2043 | D:3      | Reached skill level 1 in Slings
  2043 | D:3      | Reached skill level 1 in Bows
  2043 | D:3      | Reached skill level 1 in Crossbows
  2043 | D:3      | Reached skill level 1 in Throwing
  2043 | D:3      | Reached skill level 1 in Armour
  2043 | D:3      | Reached skill level 1 in Shields
  2043 | D:3      | Reached skill level 1 in Unarmed Combat
  2043 | D:3      | Reached skill level 1 in Evocations
  2064 | D:3      | Found a glowing golden altar of the Shining One.
  2064 | D:3      | Found a radiant altar of Vehumet.
  2064 | D:3      | Found an opulent altar of Gozag.
  2165 | D:3      | Reached XP level 4. HP: 30/32 MP: 8/11
  2434 | D:3      | Reached skill level 1 in Conjurations
  2434 | D:3      | Reached skill level 1 in Hexes
  2434 | D:3      | Reached skill level 1 in Charms
  2434 | D:3      | Reached skill level 1 in Summonings
  2434 | D:3      | Reached skill level 1 in Translocations
  2434 | D:3      | Reached skill level 1 in Transmutations
  2434 | D:3      | Reached skill level 1 in Fire Magic
  2434 | D:3      | Reached skill level 1 in Ice Magic
  2434 | D:3      | Reached skill level 1 in Air Magic
  2434 | D:3      | Reached skill level 1 in Earth Magic
  2434 | D:3      | Reached skill level 1 in Poison Magic
  2440 | D:3      | Learned a level 3 spell: Vampiric Draining
  2445 | D:3      | Learned a level 4 spell: Animate Dead
  2572 | D:3      | Reached XP level 5. HP: 30/37 MP: 12/12
  2790 | D:3      | Noticed an ogre
  2804 | D:3      | Killed an ogre
  2896 | D:3      | Reached XP level 6. HP: 28/44 MP: 12/13
  2993 | D:3      | Found a sparkling altar of Nemelex Xobeh.
  2996 | D:3      | Noticed an orc warrior
  3024 | D:3      | Slain by an orc warrior

Illustrated notes

Levels and vault maps discovered:
D:1:      dpeg_arrival_rooms_a, layout_basic, minmay_misc_feat_chi
D:2:      layout_loops_ring, minivault_14, supply_closet_lemuel,
          lemuel_altar_in_water
D:3:      kennysheep_six_static_rooms, layout_basic,
          nicolae_overflow_quartered_altars, first_ration

Skill      XL: |  1  2  3  4  5 |
---------------+----------------+-----
Spellcasting   | 5 |  5.3
Invocations    | 1 2 |  2.0
Fighting       | 1 |  1.8
Short Blades   | 1 |  1.8
Long Blades    | 1 |  1.8
Axes           | 1 |  1.8
Maces & Flails | 1 |  1.8
Polearms       | 1 |  1.8
Staves         | 1 |  1.8
Slings         | 1 |  1.8
Bows           | 1 |  1.8
Crossbows      | 1 |  1.8
Throwing       | 1 |  1.8
Armour         | 1 |  1.8
Shields        | 1 |  1.8
Unarmed Combat | 1 |  1.8
Evocations     | 1 |  1.8
Conjurations   | 1 |  1.4
Hexes          | 1 |  1.4
Charms         | 1 |  1.4
Summonings     | 1 |  1.4
Translocations | 1 |  1.4
Transmutations | 1 |  1.4
Fire Magic     | 1 |  1.4
Ice Magic      | 1 |  1.4
Air Magic      | 1 |  1.4
Earth Magic    | 1 |  1.4
Poison Magic   | 1 |  1.4
Dodging        | |  4.9
Stealth        | |  4.5
Necromancy     | |  7.2

Action                   |  1- 3 |  4- 6 || total
-------------------------+-------+-------++-------
Melee: Unarmed           |     4 |       ||     4
       Bite              |     1 |       ||     1
       Dagger            |       |     3 ||     3
Throw: Dart              |    13 |    17 ||    30
 Cast: Pain              |    62 |    50 ||   112
       Animate Skeleton  |     1 |       ||     1
       Animate Dead      |       |     2 ||     2
       Vampiric Draining |       |     4 ||     4
  Use: Scroll            |       |     6 ||     6
  Eat: Chunk             |     3 |     4 ||     7
Armor: Ring mail         |       |     5 ||     5
Dodge: Dodged            |    11 |    13 ||    24

Table legend:
 A = Non-vault XP
 B = Vault XP
 C = Vault XP percentage of total XP
 D = Non-vault monster count
 E = Vault monster count
 F = Vault count percentage of total count
                 A         B        C        D         E       F
            +---------+---------+-------+---------+---------+-------
      Total |     236 |     161 |  40.6 |      63 |       5 |   7.4
            +---------+---------+-------+---------+---------+-------
        D:1 |      47 |       0 |   0.0 |      27 |       0 |   0.0
        D:2 |      28 |       0 |   0.0 |      12 |       0 |   0.0
        D:3 |     161 |     161 |  50.0 |      24 |       5 |  17.2
            +---------+---------+-------+---------+---------+-------
